 Dungeon Crawl Stone Soup version 0.31.0-12-g77e489cdc1 (webtiles) character file.

Game seed: 18064647712806678555

3247 ChrisAssaf the Charlatan (level 9, -1/26 HPs)
             Began as a Human Artificer on Feb 29, 2024.
             Was a Priest of Fedhas.
             Slain by a yak (10 damage)
             ... on level 8 of the Dungeon.
             The game lasted 00:32:07 (7304 turns).

ChrisAssaf the Charlatan (Human Artificer)          Turns: 7304, Time: 00:32:07

Health: -1/26      AC:  5    Str: 15    XL:     9   Next: 99%
Magic:  14/14      EV: 13    Int: 13    God:    Fedhas [***...]
Gold:   288        SH:  0    Dex: 20    Spells: 11/15 levels left

rFire   . . .        h - melded +0 dagger (venom)
rCold   + + .        (shield currently unavailable)
rNeg    . . .        i - +4 ring mail of Doichuz {rC++}
rPois   .            (no helmet)
rElec   .            (no cloak)
rCorr   .            (gloves currently unavailable)
SInv    .            (no boots)
Will    .....        (no amulet)
Stlth   +++          t - +6 ring of dexterity
HPRegen 0.24/turn    (no ring)
MPRegen 0.14/turn

%: no passive effects
@: blade hands
A: reduced hp, explore regen
a: Begin Untransformation, Renounce Religion, Wall of Briars, Grow
Ballistomycete


You were on level 8 of the Dungeon.
You worshipped Fedhas.
Fedhas was most pleased with you.
You had blades for hands.
You visited 1 branch of the dungeon, and saw 8 of its levels.

You collected 469 gold pieces.
You spent 181 gold pieces at shops.

Inventory:

Hand Weapons
 a - a +1 club
 h - a +0 dagger of venom (melded)
 q - a +0 short sword of freezing
Missiles
 f - 2 boomerangs (quivered)
 j - 2 silver javelins
 n - a throwing net
Armour
 b - a +1 leather armour
 i - the +4 ring mail of Doichuz (worn) {rC++}
   (You found it on level 5 of the Dungeon)

   rC++:      It greatly protects you from cold.
Jewellery
 o - a ring of flight
 r - an amulet of faith
 t - a +6 ring of dexterity (left blade hand)
Talismans
 k - a blade talisman (active)
Wands
 c - a wand of flame (1)
 d - a wand of charming (8)
 w - a wand of iceblast (5)
Scrolls
 g - a scroll of noise
 l - 2 scrolls of vulnerability
 p - a scroll of teleportation
 A - a scroll of summoning
Potions
 e - a potion of attraction
 m - a potion of degeneration
 s - 2 potions of brilliance
 u - a potion of cancellation
 v - a potion of might {unknown}
 z - a potion of haste


   Skills:
 * Level 4.9 Fighting
 * Level 4.4 Short Blades
 + Level 0.8 Maces & Flails
 * Level 5.3 Throwing
 * Level 5.1 Armour
 * Level 4.9 Dodging
 * Level 5.4 Stealth
 + Level 1.4 Unarmed Combat
 * Level 3.6 Spellcasting
 * Level 4.0 Summonings
 * Level 4.7 Invocations
 * Level 6.0 Evocations
 * Level 3.9 Shapeshifting


You had 11 spell levels left.
You knew the following spells:

 Your Spells              Type           Power      Damage    Failure   Level
a - Summon Small Mammal   Summ           48%        N/A       8%          1
b - Call Canine Familiar  Summ           12%        N/A       22%         3

Your spell library contained the following spells:

 Spells                   Type           Power      Damage    Failure   Level
 Apportation              Tloc           4%         N/A       38%         1
 Necrotise                Necr           8%         1d4       38%         1
 Sting                    Conj/Alch      8%         1d3       38%         1
 Summon Blazeheart Golem  Fire/Summ      7%         N/A       86%         4
 Manifold Assault         Tloc           2%         N/A       99%         4
 Dispersal                Tloc           1%         N/A       100%        6
 Disjunction              Tloc           1%         N/A       100%        8


Dungeon Overview and Level Annotations

Branches:
Dungeon (8/15)             Temple (0/1) D:5            Lair (0/5) D:8

Altars:
Fedhas
Makhleb
The Shining One

Shops:
D:1 *   D:7 *


Innate Abilities, Weirdness & Mutations

You have blades for hands.
Your maximum health is decreased, since you lack skill for your form.
You are incapable of wielding weapons or throwing items.
You regain HP and MP as you explore.


Message History

Your black bear claws the elephant but does no damage. x2
You walk carefully through the plants.
The black bear is struck by your briar patch's thorns.
The black bear dies!
Fedhas appreciates your contribution to the ecosystem.
Your black bear bites the yak but does no damage.
Your black bear claws the yak but does no damage.
Your black bear closely misses the yak.
The elephant attacks as it pursues you! The elephant tramples you!
You hold your ground!
The elephant trunk-slaps you.
Something bites your briar patch but does no damage.
The elephant tramples you.
You hold your ground!
The elephant closely misses you.
Your black bear bites the yak.
Your black bear claws the yak but does no damage. x2
Something bites your briar patch! The elephant tramples you.
* * * LOW HITPOINT WARNING * * *
You hold your ground!
The elephant closely misses you.
Blink to where?
Press: ? - help, Dir - move target, p - elephant
As you read the scroll of blinking, it crumbles to dust.
The elephant tramples your briar patch!
The elephant trunk-slaps your briar patch but does no damage.
As you read the scroll of teleportation, it crumbles to dust.
You feel strangely unstable.
The elephant tramples your briar patch but does no damage.
The elephant trunk-slaps your briar patch but does no damage.
Your surroundings suddenly seem different. 2 yaks come into view.
Found a scale mail and an orcbow.
The yak bellows!
You hear a shout!
An orc comes into view. It is wielding a +0 mace.
The yak bellows!
You slash the yak!
The yak is moderately wounded.
You hear a shout!
The wyvern closely misses you.
You barely miss the yak.
The yak is moderately wounded.
The wyvern barely misses you. The yak completely misses you. The yak gores you!
You die...
Fedhas appreciates your contribution to the ecosystem.

#.# ##o## #.# ##...##
#.#
##...Y.##########.# #
#..:.P..#........>#
#.#.P...P.##.########
#.......Y..#.#
........k..#.#
#[....>@YYY.P#
#..)....Y†P###
#......!...#
..#..P....## #
#.$..P..# ##.....##
##...## #..##


You could see an elephant (ally target), 5 yaks, a wyvern and an orc.

Vanquished Creatures
  A two-headed ogre (D:8)
  An ice beast (D:6)
  3 centaurs
  An ogre (D:5)
  3 bullfrogs (D:7)
  2 scorpions
  A howler monkey (D:7)
  2 bombardier beetles
  4 hounds
  2 orc priests
  3 iguanas (D:5)
  2 orc wizards
  7 adders
  3 gnolls
  A shadow imp (D:7)
  A white imp (D:5)
  3 ufetubi
  A dart slug (D:1)
  A ribbon worm (D:4)
  13 orcs
  8 bats
  2 endoplasms (D:1)
  5 giant cockroaches
  2 goblins (D:2)
  10 hobgoblins
  9 kobolds
  3 quokkas
  6 ball pythons
  4 frilled lizards
  7 rats
111 creatures vanquished.

Vanquished Creatures (collateral kills)
  An ice beast (D:7)
  2 sky beasts
  A black bear (D:8)
  A phantom (D:4)
  A bullfrog (D:6)
  A scorpion (D:4)
  2 gnolls (D:4)
  2 shadow imps
  3 ufetubi (D:6)
  4 orcs
  An endoplasm (D:4)
19 creatures vanquished.

Vanquished Creatures (others)
  A black bear (D:8)
  A howler monkey (D:7)
  An adder (D:4)
3 creatures vanquished.

Grand Total: 133 creatures vanquished

Notes
Turn   | Place    | Note
-------+----------+-------------------------------------------
     0 | D:1      | ChrisAssaf the Human Artificer began the quest for the Orb.
     0 | D:1      | Reached XP level 1. HP: 15/15 MP: 1/1
   183 | D:1      | Reached XP level 2. HP: 18/21 MP: 2/2
   245 | D:1      | Found Suoxeupi's Assorted Antiques.
   360 | D:2      | Reached XP level 3. HP: 10/26 MP: 3/3
   593 | D:3      | Found a burning altar of Makhleb.
   593 | D:3      | Noticed an Executioner
   608 | D:3      | Noticed a ynoxinul
   608 | D:3      | Noticed a smoke demon
  1505 | D:2      | Reached skill level 1 in Throwing
  1530 | D:2      | Found a faded altar of an unknown god.
  1535 | D:2      | Prayed at the altar of an unknown god.
  1535 | D:2      | Became a worshipper of Fedhas Madash
  1535 | D:2      | Reached * piety under Fedhas
  1582 | D:2      | Reached XP level 4. HP: 22/32 MP: 4/4
  2331 | D:1      | Reached ** piety under Fedhas
  2425 | D:1      | Bought a scroll labelled UDWORE KAESMI for 22 gold pieces
  2425 | D:1      | Bought 2 fuming grey potions for 39 gold pieces
  2425 | D:1      | Bought a scroll labelled XEUNIO GAUPRA for 22 gold pieces
  2425 | D:1      | Bought a silvery potion for 19 gold pieces
  2689 | D:4      | Reached XP level 5. HP: 38/38 MP: 5/5
  2708 | D:4      | Noticed a phantom
  2727 | D:4      | Killed a phantom
  2728 | D:4      | Reached skill level 4 in Evocations
  2746 | D:4      | Reached skill level 1 in Invocations
  2746 | D:4      | Reached XP level 6. HP: 27/44 MP: 6/6
  2773 | D:4      | Reached skill level 1 in Short Blades
  2773 | D:4      | Reached skill level 1 in Shapeshifting
  3089 | D:4      | Learned a level 1 spell: Summon Small Mammal
  3093 | D:4      | Learned a level 3 spell: Call Canine Familiar
  3290 | D:5      | Entered Level 5 of the Dungeon
  3664 | D:5      | Reached XP level 7. HP: 50/50 MP: 8/8
  3747 | D:5      | Reached *** piety under Fedhas
  3792 | D:5      | Found a staircase to the Ecumenical Temple.
  4159 | D:5      | Reached skill level 1 in Summonings
  4325 | D:5      | Identified the +4 ring mail of Doichuz {rC++}
  4349 | D:5      | Reached skill level 5 in Throwing
  4349 | D:5      | Reached skill level 5 in Evocations
  4349 | D:5      | Reached XP level 8. HP: 61/61 MP: 8/12
  4477 | D:5      | Reached skill level 5 in Stealth
  4961 | D:6      | Identified the +1 chain mail of Jutsusty {+Blink}
  5076 | D:6      | Reached XP level 9. HP: 23/66 MP: 13/13
  6059 | D:7      | Reached skill level 5 in Armour
  6548 | D:7      | Found Mukymoec's Elemental Accessories.
  6561 | D:7      | Bought a wand of iceblast (3) for 79 gold pieces
  7013 | D:8      | Reached skill level 1 in Unarmed Combat
  7073 | D:8      | Found a glowing golden altar of the Shining One.
  7191 | D:8      | Noticed a two-headed ogre
  7219 | D:8      | Killed a two-headed ogre
  7220 | D:8      | Reached skill level 6 in Evocations
  7289 | D:8      | Found a staircase to the Lair.
  7289 | D:8      | Noticed an elephant
  7304 | D:8      | Slain by a yak

Illustrated notes

Levels and vault maps discovered:
D:1:      reono_arrival_mine, layout_rooms, serial_shops,
          nicolae_shop_tiny_glass, amcnicky_mini_rare_corridor_liquid,
          minmay_heptomino_w4
D:2:      layout_loops_cross, shapermc_ecumenical_altar_acropolis, minivault_5,
          minmay_stone_trees_small
D:3:      layout_basic, makhleb_altar_promises_db
D:4:      layout_rooms
D:5:      layout_basic, minmay_temple_entry_mist, minmay_puff
D:6:      layout_basic
D:7:      layout_gridville, nicolae_elemental_shop, kennysheep_path_1
D:8:      layout_loops_ring, tso_metal_star, david_lair_generic

Skill      XL: |  1  2  3  4  5  6  7  8  9 |
---------------+----------------------------+-----
Throwing       | 1 2 5 |  5.3
Stealth        | 2 4 5 |  5.4
Evocations     | 4 5 6 |  6.0
Fighting       | 2 4 |  4.9
Dodging        | 2 4 |  4.9
Invocations    | 1 4 |  4.7
Short Blades   | 1 3 4 |  4.4
Shapeshifting  | 1 3 |  3.9
Armour         | 4 5 |  5.1
Summonings     | 3 4 |  4.0
Spellcasting   | 3 |  3.6
Unarmed Combat | 1 |  1.4
Maces & Flails | |  0.8

Action                     |  1- 3 |  4- 6 |  7- 9 || total
---------------------------+-------+-------+-------++-------
  Melee: Club              |   123 |    40 |       ||   163
         Short sword       |       |    57 |       ||    57
         Punch             |       |     2 |       ||     2
         Dagger            |       |    22 |    57 ||    79
         Unarmed           |       |       |    82 ||    82
  Throw: Boomerang         |    55 |    41 |    18 ||   114
   Cast: Summon Small Mamm |       |       |     3 ||     3
         Call Canine Famil |       |       |     8 ||     8
 Invoke: Wall of Briars    |       |     1 |     7 ||     8
  Evoke: Wand              |     8 |    13 |    12 ||    33
    Use: Scroll            |     6 |     5 |     8 ||    19
         Potion            |       |     4 |     4 ||     8
   Stab: Sleeping          |       |     1 |       ||     1
         Distracted        |       |     1 |     1 ||     2
         Invisible         |       |     1 |       ||     1
 Armour: Leather armour    |   105 |   112 |    60 ||   277
         Ring mail         |       |       |    73 ||    73
  Dodge: Dodged            |   103 |   113 |   172 ||   388
   Form: Blade             |       |       |     1 ||     1
